[Event "Team 45 45 League T65"]
[Site "Internet Chess Club"]
[Date "2015.06.21"]
[Round "2"]
[White "stanbeers"]
[Black "GoIrish"]
[Result "1-0"]
[WhiteElo "1463"]
[BlackElo "1551"]
[Opening "English opening"]
[ECO "A05"]
[Time "20:00:50"]
[TimeControl "2700+45"]

1. Nf3 Nf6 2. c4 g6 3. b3 Bg7 4. Bb2 O-O 5. g3 d6 6. d4 c5 7. Bg2 cxd4 8. Nxd4
Qb6 9. Nc3 Bd7 10. O-O Bc6 11. Nxc6 bxc6 12. Qd2 Nbd7 13. e3 Rad8 14. Rfd1 Nc5
15. Qc2 a5 16. Rab1 Qa6 17. Ne4 Ncxe4 18. Bxe4 Nxe4 19. Qxe4 e5 20. Ba3 f5 21.
Qc2 Rf6 22. c5 d5 23. b4 axb4 24. Bxb4 f4 25. Bc3 fxe3 26. fxe3 Rf3 27. Rb6 Qc4
28. Rb7 Qxc5 29. Rxg7+ Kh8 30. Qd2 Rxe3 31. Kg2 Kxg7 32. Bb4 Qb6 33. Ba5 Re2+
34. Qxe2 Qxa5 35. Qxe5+ Kg8 36. Qe6+ Kg7 37. Rf1 Qd2+ 38. Rf2 Qg5 39. Qxc6 d4
40. Qc7+ Kh6 41. h4 Qd5+ 42. Kh2 Rd7 43. Qf4+ Kg7 44. Qf6+ Kh6 45. a4 d3 46.
Qf8+ Kh5 47. Qf4 Qf5 48. Qd2 Qd5 49. Rf4 Rf7 50. g4+ Kxh4 51. Qf2+ Kg5 52. Rxf7
Qe5+ 53. Kh3 Qc3 54. Qf4# {Black checkmated} 1-0

[Event "Team 45 45 League T65"]
[Site "Internet Chess Club"]
[Date "2015.06.13"]
[Round "2"]
[White "Percules"]
[Black "Packerfan"]
[Result "1/2-1/2"]
[WhiteElo "1654"]
[BlackElo "1711"]
[Opening "Ruy Lopez: Schliemann defense, Berger variation"]
[ECO "C63"]
[Time "16:00:42"]
[TimeControl "2700+45"]

1. e4 e5 2. Nf3 Nc6 3. Bb5 f5 4. Nc3 fxe4 5. Nxe4 Nf6 6. Nxf6+ Qxf6 7. Qe2 d6 8.
d4 Bd7 9. O-O Be7 10. dxe5 Nxe5 11. Bxd7+ Kxd7 12. Nxe5+ Qxe5 13. Qxe5 dxe5 14.
b3 Rad8 15. Bb2 Bf6 16. Rfe1 Rhe8 17. Re4 Re7 18. Rd1+ Kc8 19. Rxd8+ Kxd8 20. f3
Ke8 21. Kf2 Kf7 22. Ke2 c6 23. c4 {Game drawn by mutual agreement} 1/2-1/2

[Event "Team 45 45 League T65"]
[Site "Internet Chess Club"]
[Date "2015.06.14"]
[Round "2"]
[White "clarinetref"]
[Black "Starstrom"]
[Result "1/2-1/2"]
[WhiteElo "1593"]
[BlackElo "1719"]
[Opening "Sicilian defense"]
[ECO "B40"]
[Time "22:05:24"]
[TimeControl "2700+45"]

1. e4 c5 2. Nf3 e6 3. c3 Nf6 4. Bd3 Nc6 5. O-O Be7 6. Re1 O-O 7. Bc2 e5 8. d4 d6
9. h3 h6 10. Be3 Re8 11. a4 Bf8 12. Nbd2 cxd4 13. cxd4 Nb4 14. d5 a5 15. Nc4 Nd7
16. Qe2 b6 17. Rec1 Ba6 18. Bd3 Nc5 19. Bxc5 bxc5 20. b3 g6 21. Ne1 Bg7 22. Na3
Nxd3 23. Nxd3 Rb8 24. Qc2 f5 25. Re1 Qh4 26. f3 Rf8 27. Nc4 Qd8 28. Rab1 Rf7 29.
Qd2 Kh7 30. Nf2 Rb4 31. Nd3 Rb8 32. Nf2 Bxc4 33. bxc4 Rfb7 34. Rb5 Rxb5 35. cxb5
Rc8 36. Nd1 c4 37. Nc3 Qb6+ 38. Kh1 Bf6 39. Qa2 Bg5 40. Re2 Be3 41. Rc2 Qc5 42.
Qb1 Bd4 43. Qe1 Qb4 44. Qc1 Bxc3 45. Rxc3 Qxa4 46. Qb2 Rb8 47. b6 Qd1+ 48. Kh2
Qd4 49. b7 Qa7 50. Rxc4 Rxb7 51. Qa3 Rb1 52. exf5 gxf5 53. Qxd6 Qg1+ 54. Kg3 f4+
55. Kg4 Qxg2+ 56. Kf5 Qg5+ 57. Ke6 Qg6+ 58. Kd7 Rb7+ 59. Rc7 Qf7+ 60. Kc6 Rxc7+
61. Qxc7 Qxc7+ 62. Kxc7 a4 63. d6 a3 64. d7 a2 65. d8=Q a1=Q 66. Qe7+ Kg6 67.
Qe6+ Kg7 68. Qe7+ Kg6 69. Qe6+ Kg7 70. Qe7+ {Game drawn by mutual agreement}
1/2-1/2

[Event "Team 45 45 League T65"]
[Site "Internet Chess Club"]
[Date "2015.06.12"]
[Round "2"]
[White "DeepTheJeep"]
[Black "PostMike"]
[Result "1-0"]
[WhiteElo "1626"]
[BlackElo "1484"]
[Opening "Nimzo-Indian: classical variation"]
[ECO "E32"]
[Time "14:43:08"]
[TimeControl "2700+45"]

1. d4 Nf6 2. c4 e6 3. Nc3 Bb4 4. Qc2 O-O 5. a3 Bxc3+ 6. Qxc3 d6 7. Bg5 Nbd7 8.
e3 c5 9. Bd3 Qb6 10. Ne2 Re8 11. O-O e5 12. dxe5 dxe5 13. Ng3 h6 14. Bxf6 Nxf6
15. Rfd1 Qc6 16. Qc2 e4 17. Be2 Bg4 18. Bxg4 Nxg4 19. Rd2 Rad8 20. Rxd8 Rxd8 21.
Nxe4 Qg6 22. Rc1 b6 23. h3 Ne5 24. Ng3 Qe6 25. Ne2 g5 26. b3 Ng6 27. Nc3 Nh4 28.
Nd5 g4 29. hxg4 Rxd5 {Black resigns} 1-0

[Event "Team 45 45 League T65"]
[Site "Internet Chess Club"]
[Date "2015.06.15"]
[Round "2"]
[White "Aquaman"]
[Black "Freeloshowers"]
[Result "1/2-1/2"]
[WhiteElo "1343"]
[BlackElo "1033"]
[Opening "French: Schlechter variation"]
[ECO "C01"]
[Time "16:01:40"]
[TimeControl "2700+45"]

1. d4 d5 2. e4 e6 3. Bd3 c5 4. c3 Nc6 5. Nf3 f6 6. O-O Bd6 7. Re1 Nge7 8. e5
fxe5 9. dxe5 Bc7 10. Bf4 O-O 11. Bg3 c4 12. Bxh7+ Kxh7 13. Ng5+ Kg6 14. Qg4 Nf5
15. Nxe6+ Kh7 16. Nxd8 Bxd8 17. Qd1 Bb6 18. Qxd5 Nxg3 19. hxg3 Bxf2+ 20. Kf1
Bxg3+ 21. Kg1 Bf2+ 22. Kh1 Bxe1 23. Qe4+ Bf5 24. Qxe1 Rae8 25. Qh4+ Kg6 26. Nd2
Rh8 27. Qxh8 Rxh8+ 28. Kg1 Re8 29. Nxc4 Nxe5 30. Nd6 Rd8 31. Nxb7 Rd2 32. Nc5
Nd3 33. Nxd3 Rxd3 34. Rf1 Rd2 35. Rf2 Rd1+ 36. Kh2 Be6 37. a3 Rd5 38. Re2 Kf6
39. Kg1 Rd1+ 40. Kf2 Bc4 41. Re4 Rd2+ 42. Kg3 Bd5 43. Rf4+ Ke5 44. Rf2 Rd3+ 45.
Kh2 a5 {Game drawn by mutual agreement} 1/2-1/2

[Event "Team 45 45 League T65"]
[Site "Internet Chess Club"]
[Date "2015.06.11"]
[Round "2"]
[White "ChessRooklift"]
[Black "Colombiano07"]
[Result "1/2-1/2"]
[WhiteElo "1896"]
[BlackElo "1846"]
[Opening "Queen's pawn"]
[ECO "A40"]
[Time "19:00:53"]
[TimeControl "2700+45"]

1. d4 e6 2. a3 c5 3. dxc5 Bxc5 4. b4 Be7 5. Bb2 Nf6 6. Nf3 d5 7. e3 O-O 8. Nbd2
a6 9. c4 dxc4 10. Nxc4 b5 11. Na5 Nd5 12. Qb3 Bf6 13. g3 Ra7 14. Bg2 Rc7 15. O-O
Nc6 16. Nxc6 Rxc6 17. Rac1 Bb7 18. Ne5 Rxc1 19. Rxc1 Qd6 20. Nd3 Bxb2 21. Qxb2
Nb6 22. Bxb7 Qxd3 23. Qd4 Qxd4 24. exd4 g6 {Game drawn by mutual agreement}
1/2-1/2

[Event "Team 45 45 League T65"]
[Site "Internet Chess Club"]
[Date "2015.06.14"]
[Round "2"]
[White "PoisonPawn"]
[Black "ChiefPushesWood"]
[Result "1/2-1/2"]
[WhiteElo "2102"]
[BlackElo "1804"]
[Opening "Petrov: modern attack, Symmetrical variation"]
[ECO "C43"]
[Time "18:07:32"]
[TimeControl "2700+45"]

1. e4 e5 2. Nf3 Nf6 3. d4 Nxe4 4. dxe5 d5 5. Nbd2 Nxd2 6. Qxd2 c5 7. Bd3 Be7 8.
Qf4 h6 9. Qg3 g5 10. c4 d4 11. Nd2 Be6 12. O-O Nc6 13. a3 g4 14. Ne4 Bh4 15. Qf4
Bg5 16. Nxg5 Qxg5 17. Re1 Qxf4 18. Bxf4 O-O-O 19. Rac1 a5 20. Bd2 Kc7 21. f4
gxf3 22. gxf3 Rdg8+ 23. Kf2 Bh3 24. Bf1 Bxf1 25. Kxf1 Rg6 26. Bf4 Kd7 27. Bg3
Rhg8 28. f4 h5 29. f5 Rg5 30. e6+ Ke8 31. exf7+ {Game drawn by mutual agreement}
1/2-1/2

[Event "Team 45 45 League T65"]
[Site "Internet Chess Club"]
[Date "2015.06.13"]
[Round "2"]
[White "fledermaus"]
[Black "WCourson"]
[Result "1/2-1/2"]
[WhiteElo "1945"]
[BlackElo "1896"]
[Opening "Dutch: classical variation"]
[ECO "A96"]
[Time "13:00:41"]
[TimeControl "2700+45"]

1. d4 f5 2. c4 Nf6 3. g3 e6 4. Bg2 Be7 5. Nf3 d6 6. O-O O-O 7. Nc3 a5 8. b3 Qe8
9. Bb2 Qh5 10. Re1 Ne4 11. Qc2 Nxc3 12. Bxc3 f4 13. Qd3 Nc6 14. a3 e5 15. dxe5
Bh3 16. Qd5+ Kh8 17. exd6 Rf5 18. Qd3 Bxd6 19. Nh4 fxg3 20. hxg3 Rg5 21. Bxh3
Qxh4 22. Kg2 Rf8 23. Rh1 Bc5 24. Bf5 Qf4 {Game drawn by mutual agreement}
1/2-1/2

[Event "Team 45 45 League T65"]
[Site "Internet Chess Club"]
[Date "2015.06.13"]
[Round "2"]
[White "frank001"]
[Black "jonesey"]
[Result "0-1"]
[WhiteElo "1751"]
[BlackElo "1890"]
[Opening "KGD: classical variation"]
[ECO "C30"]
[Time "05:05:15"]
[TimeControl "2700+45"]

1. e4 e5 2. f4 Bc5 3. Nf3 d6 4. Nc3 Nf6 5. Bc4 O-O 6. d3 a6 7. h3 Nc6 8. f5 b5
9. Bb3 Na5 10. Nd5 Nxd5 11. Bxd5 c6 12. Bg5 Qb6 13. Qd2 b4 14. f6 cxd5 15. fxg7
Re8 16. exd5 e4 17. Nh4 exd3+ 18. Kd1 Nc4 {White resigns} 0-1

[Event "Team 45 45 League T65"]
[Site "Internet Chess Club"]
[Date "2015.06.13"]
[Round "2"]
[White "SlimeDog2"]
[Black "Agarnez"]
[Result "1-0"]
[WhiteElo "2041"]
[BlackElo "1910"]
[Opening "QGD: 4.Nf3"]
[ECO "D37"]
[Time "18:00:33"]
[TimeControl "2700+45"]

1. d4 d5 2. c4 e6 3. Nf3 Nf6 4. Nc3 Nbd7 5. Bg5 h6 6. Bh4 Bb4 7. cxd5 exd5 8. e3
c6 9. Bd3 Qa5 10. Qc2 O-O 11. O-O Re8 12. a3 Bxc3 13. bxc3 Ne4 14. c4 Ndf6 15.
Rfb1 dxc4 16. Bxc4 Nd5 17. Ne5 Nd2 18. Rb2 Nxc4 19. Nxc4 Qc7 20. Bg3 Qe7 21. Nd6
Rd8 22. Qc5 Qd7 23. e4 Nf6 24. Rc1 Ne8 25. Nf5 Nc7 26. Ne7+ Kh7 27. Nxc8 Na6 28.
Qf5+ Qxf5 29. exf5 Raxc8 30. Rxb7 Rxd4 31. Rxf7 Kg8 32. Rxa7 Nc5 33. h3 Rd7 34.
Rxd7 Nxd7 35. Kf1 Kf7 36. Bd6 Nb6 37. g4 Nd5 38. f4 h5 39. Kf2 hxg4 40. hxg4 Nf6
41. Kf3 Nd7 42. Re1 Re8 43. Rxe8 Kxe8 44. Be5 Kf7 45. g5 Nb6 46. Ke4 c5 47. g6+
{Black resigns} 1-0

[Event "Team 45 45 League T65"]
[Site "Internet Chess Club"]
[Date "2015.06.14"]
[Round "2"]
[White "roji"]
[Black "ArturitoGalacti"]
[Result "0-1"]
[WhiteElo "1942"]
[BlackElo "2002"]
[Opening "Polish (Sokolsky) opening"]
[ECO "A00"]
[Time "18:00:18"]
[TimeControl "2700+45"]

1. b4 e6 2. Bb2 f5 3. a3 Nf6 4. e3 g6 5. h4 Bg7 6. d3 b6 7. Be2 Bb7 8. Bf3 d5 9.
c4 Nbd7 10. d4 Ne4 11. h5 dxc4 12. hxg6 hxg6 13. Rxh8+ Bxh8 14. Nc3 Ndf6 15.
Nge2 Qd7 16. Nf4 Kf7 17. g4 Nxc3 18. Bxc3 Ne4 19. gxf5 exf5 20. Bxe4 Bxe4 21.
Qe2 Qc6 22. Kd2 Bf3 23. Qf1 g5 24. Ne2 Bf6 25. Qh3 Bg4 26. Qg3 Rh8 27. Ng1 Be7
28. f3 Bd6 29. f4 Qe4 {White resigns} 0-1

[Event "Team 45 45 League T65"]
[Site "Internet Chess Club"]
[Date "2015.06.11"]
[Round "2"]
[White "jt2000"]
[Black "deancorso1"]
[Result "0-1"]
[WhiteElo "2120"]
[BlackElo "1853"]
[Opening "Caro-Kann: exchange, Rubinstein variation"]
[ECO "B13"]
[Time "18:10:35"]
[TimeControl "2700+45"]

1. e4 c6 2. d4 d5 3. exd5 cxd5 4. Bd3 Nc6 5. c3 Nf6 6. Bf4 g6 7. Nd2 Bg7 8. Ngf3
O-O 9. O-O Nh5 10. Be3 Qd6 11. Re1 a6 12. Nf1 Bg4 13. h3 Bxf3 14. Qxf3 f5 15.
Nh2 Rae8 16. Bc2 e5 17. dxe5 Nxe5 18. Qd1 Qc6 19. Bb3 Nc4 20. Bxc4 dxc4 21. Qf3
Qxf3 22. Nxf3 Nf6 23. Bc5 Rxe1+ 24. Rxe1 Rd8 25. Re7 Bf8 26. Re5 Rd1+ 27. Kh2
Nd7 {White resigns} 0-1

[Event "Team 45 45 League T65"]
[Site "Internet Chess Club"]
[Date "2015.06.15"]
[Round "2"]
[White "drbishop"]
[Black "Goli"]
[Result "1-0"]
[WhiteElo "1721"]
[BlackElo "1759"]
[Opening "Benkö gambit"]
[ECO "A57"]
[Time "17:43:45"]
[TimeControl "2700+45"]

1. d4 Nf6 2. c4 c5 3. d5 b5 4. Nf3 bxc4 5. Nc3 d6 6. e4 g6 7. Bxc4 Bg7 8. O-O
O-O 9. h3 Ba6 10. Bxa6 Nxa6 11. Qe2 Nc7 12. Nd2 e6 13. dxe6 fxe6 14. Nc4 d5 15.
Rd1 d4 16. Bg5 h6 17. Bf4 Nh5 18. Bd6 dxc3 19. Bxc5 cxb2 20. Nxb2 Qg5 21. Bxf8
Nf4 22. Qg4 Qxg4 23. hxg4 Rxf8 24. Rd2 Nb5 25. a4 Nc3 26. Re1 Rb8 27. g3 Nce2+
28. Kf1 Bxb2 29. Rb1 Be5 30. Rxb8+ Bxb8 31. Rd8+ Kf7 32. gxf4 Nc3 33. Rxb8 Nxa4
34. Rb7+ Kg8 35. Rxa7 Nc3 36. f3 h5 37. gxh5 gxh5 38. Re7 Nb5 39. Rxe6 Nd4 40.
Rd6 Nxf3 41. Kf2 Nh4 42. Kg3 {Black resigns} 1-0

[Event "Team 45 45 League T65"]
[Site "Internet Chess Club"]
[Date "2015.06.14"]
[Round "2"]
[White "alexping"]
[Black "CaoCao"]
[Result "1/2-1/2"]
[WhiteElo "1887"]
[BlackElo "1957"]
[Opening "Benoni defense"]
[ECO "A61"]
[Time "15:12:58"]
[TimeControl "2700+45"]

1. d4 Nf6 2. c4 c5 3. d5 e6 4. Nc3 exd5 5. Nxd5 Nxd5 6. Qxd5 Nc6 7. Nf3 d6 8. e3
Be6 9. Qd2 Be7 10. b3 O-O 11. Bb2 d5 12. Rc1 d4 13. Bd3 Bf6 14. exd4 Nxd4 15.
Bxd4 Bxd4 16. O-O Bf6 17. Qc2 g6 18. Rcd1 Qc7 19. Rfe1 Rfe8 20. Be4 Rad8 21.
Rxd8 Rxd8 22. Rd1 b6 23. Rxd8+ Qxd8 24. Qd3 Qxd3 25. Bxd3 Kf8 26. Kf1 Ke7 27.
Ke2 Kd6 28. h3 Be7 29. Be4 f5 30. Bb7 Bf6 31. Kd3 g5 32. Nd2 h5 33. f3 a5 34. a4
Bd4 35. Nf1 Ke5 36. Ng3 Bf7 37. Ne2 Ba1 38. Bc8 Bg6 39. Kd2 Bd4 40. Bb7 f4 41.
Bd5 Be3+ 42. Kc3 Be8 43. Kd3 {Game drawn by mutual agreement} 1/2-1/2

[Event "Team 45 45 League T65"]
[Site "Internet Chess Club"]
[Date "2015.06.14"]
[Round "2"]
[White "achessman"]
[Black "bobhill"]
[Result "0-1"]
[WhiteElo "1957"]
[BlackElo "1949"]
[Opening "Sicilian: Alapin's variation (2.c3)"]
[ECO "B22"]
[Time "21:08:24"]
[TimeControl "2700+45"]

1. e4 c5 2. c3 g6 3. d4 cxd4 4. cxd4 Bg7 5. Nc3 Nc6 6. d5 Nb8 7. Be3 d6 8. f4
Nf6 9. Nf3 O-O 10. e5 Ng4 11. Bd4 dxe5 12. Nxe5 Nxe5 13. Bxe5 f6 14. Bd4 e5 15.
fxe5 fxe5 16. Be3 Qh4+ 17. g3 Qb4 18. Qd2 Bf5 19. O-O-O Nd7 20. h3 Rac8 21. g4
Be4 22. Rh2 Rxf1 23. Rxf1 Qc4 24. Re1 Qxa2 25. Kd1 Bf3+ 26. Kc2 Bxd5 27. Kd1
Bf3+ 28. Kc2 e4 29. Ra1 Qxa1 30. Qd5+ Kh8 31. Qxd7 Rxc3+ {White resigns} 0-1

[Event "Team 45 45 League T65"]
[Site "Internet Chess Club"]
[Date "2015.06.14"]
[Round "2"]
[White "jjfchess"]
[Black "cityprosecutor"]
[Result "0-1"]
[WhiteElo "1720"]
[BlackElo "1841"]
[Opening "Pirc: Austrian attack, dragon formation"]
[ECO "B09"]
[Time "20:00:33"]
[TimeControl "2700+45"]

1. e4 d6 2. d4 Nf6 3. Nc3 g6 4. f4 Bg7 5. Nf3 c5 6. dxc5 Qa5 7. Bd3 Qxc5 8. Qe2
Bg4 9. Be3 Qa5 10. Bd4 Nc6 11. Bb5 O-O 12. Bxc6 bxc6 13. O-O-O Rab8 14. e5 Nd5
15. Nxd5 cxd5 16. h3 Bxf3 17. Qxf3 Qxa2 18. b3 Rfc8 19. Bc3 dxe5 20. Qxd5 Rxc3
{White resigns} 0-1

[Event "Team 45 45 League T65"]
[Site "Internet Chess Club"]
[Date "2015.06.14"]
[Round "2"]
[White "Frankly"]
[Black "Beetlejuice"]
[Result "1/2-1/2"]
[WhiteElo "1745"]
[BlackElo "1818"]
[Opening "Dutch"]
[ECO "A80"]
[Time "10:03:47"]
[TimeControl "2700+45"]

1. d4 f5 2. Nc3 Nf6 3. Bg5 d5 4. Bxf6 exf6 5. e3 Be6 6. Qf3 Qd7 7. Bb5 Nc6 8.
Nge2 Be7 9. Nf4 O-O-O 10. Nxe6 Qxe6 11. O-O Kb8 12. Bxc6 bxc6 13. b4 g6 14. Rab1
Ka8 15. b5 cxb5 16. Rxb5 c6 17. Rb3 Rb8 18. Ra1 Bb4 19. Na4 Be7 20. Qe2 Qc8 21.
Rab1 Rxb3 22. axb3 Qb7 23. Ra1 Rb8 24. g3 Qb5 25. Qd1 Rb7 26. Nc3 Qb4 27. Ne2
Kb8 28. Ra4 Qb5 29. Nc3 Qb6 30. Qa1 Bb4 31. Ne2 Qb5 32. Nf4 Be7 33. h4 Bd6 34.
Ne6 Re7 35. Nf4 Bxf4 36. gxf4 Qe2 37. Qa3 Qg4+ 38. Kf1 Qd1+ 39. Kg2 Qg4+ 40. Kf1
Qd1+ {Game drawn by mutual agreement} 1/2-1/2

[Event "Team 45 45 League T65"]
[Site "Internet Chess Club"]
[Date "2015.06.13"]
[Round "2"]
[White "soccerisfun"]
[Black "Signalman"]
[Result "1/2-1/2"]
[WhiteElo "1787"]
[BlackElo "1796"]
[Opening "French: Tarrasch"]
[ECO "C03"]
[Time "10:05:33"]
[TimeControl "2700+45"]

1. e4 e6 2. d4 d5 3. Nd2 Be7 4. Ngf3 Nf6 5. Bd3 O-O 6. e5 Ne8 7. c3 c5 8. h4
cxd4 9. cxd4 Nc6 10. Bxh7+ Kh8 11. Bb1 Kg8 12. Bh7+ Kh8 13. Bb1 Kg8 14. Nb3 Bb4+
15. Bd2 Bxd2+ 16. Nbxd2 Qb6 17. Nb3 Qb4+ 18. Qd2 Qxd2+ 19. Kxd2 b6 20. a3 Ba6
21. Bd3 Bc4 22. Kc3 Rc8 23. Nbd2 b5 24. b3 Bxd3 25. Kxd3 b4 26. a4 f6 27. Ke3
Ne7 28. Rac1 Nf5+ 29. Kd3 Nc7 30. g4 Ne7 31. Rc2 Ng6 32. Rhc1 Nf4+ 33. Ke3 Ng2+
34. Ke2 Nf4+ 35. Ke3 Ng2+ 36. Ke2 Nf4+ 37. Kd1 Rf7 38. Ne1 fxe5 39. dxe5 Rd7 40.
Ndf3 d4 41. Rc4 Nfd5 42. Rxd4 Nc3+ 43. Kd2 Rf7 44. Rxb4 Na2 45. Rbc4 Nxc1 46.
Rxc1 Rff8 47. Ke3 Nd5+ 48. Kd2 Rxc1 49. Kxc1 Rf4 50. Ng5 Rxg4 51. Nxe6 Rxh4 52.
Nd3 Kf7 53. Nec5 Nf4 54. b4 Nd5 55. b5 Rh1+ 56. Kc2 Ra1 57. e6+ Ke7 58. Ne5 Kd6
59. Ned3 Ke7 60. Kb2 Rh1 61. Kb3 Rb1+ 62. Kc4 Nc7 63. Nb4 Nxe6 64. Nc6+ Kd6 65.
Nxe6 Kxe6 66. Nxa7 Rf1 67. b6 Kd7 68. a5 Rxf2 69. Kb5 g5 70. Ka6 Rf6 71. Nb5 g4
72. Ka7 g3 73. b7 Rf8 74. Nd4 {Game drawn by mutual agreement} 1/2-1/2

[Event "Team 45 45 League T65"]
[Site "Internet Chess Club"]
[Date "2015.06.14"]
[Round "2"]
[White "bondguy01"]
[Black "supermonkey"]
[Result "0-1"]
[WhiteElo "1795"]
[BlackElo "1710"]
[Opening "Scandinavian defense"]
[ECO "B01"]
[Time "13:00:50"]
[TimeControl "2700+45"]

1. e4 d5 2. exd5 Nf6 3. Nf3 Nxd5 4. d4 Bg4 5. h3 Bh5 6. c4 Nf6 7. Nc3 e6 8. g4
Bg6 9. Ne5 c5 10. d5 exd5 11. Nxg6 hxg6 12. cxd5 Bd6 13. Bg2 O-O 14. O-O Nbd7
15. Bg5 Qb6 16. Qd2 Rae8 17. Rfe1 a6 18. a4 Bc7 19. Bh4 Be5 20. Re2 Qd6 21. Rae1
Bh2+ 22. Kh1 Bf4 23. Qc2 g5 24. Bg3 Bxg3 25. fxg3 Qxg3 26. Qd2 Rxe2 27. Rxe2 Ne5
28. Qe3 Qxe3 29. Rxe3 Nc4 30. Re2 Rd8 31. b3 Nb6 32. Re5 c4 33. a5 Nbd7 34. Rxg5
cxb3 35. d6 b2 36. Kh2 Rc8 37. Nb1 Rc1 38. Na3 b1=Q 39. Nxb1 Rxb1 40. h4 Ne5 41.
Kg3 Nexg4 42. Rxg4 Nxg4 43. Kxg4 Rd1 44. Bxb7 Rxd6 45. Kg3 Kh7 46. Kg4 Kh6 47.
Kf4 f6 48. Kg4 g5 49. hxg5+ fxg5 50. Bc8 Rf6 51. Bb7 Rd6 52. Bc8 Rd4+ 53. Kg3
Ra4 54. Bxa6 Rxa5 55. Bc8 Kh5 56. Be6 Ra3+ 57. Kg2 Kh4 58. Bd7 g4 59. Be6 Rc3
60. Bf5 Rb3 61. Be6 Rb2+ 62. Kg1 Kg3 63. Kf1 Rb4 64. Bd7 Kh2 65. Bc6 g3 66. Bd5
Rb1+ 67. Ke2 g2 68. Bxg2 Kxg2 69. Ke3 Re1+ 70. Kd4 Kf3 71. Kd5 Re4 72. Kc5 Ke3
73. Kd5 Kd3 74. Kc5 Rd4 75. Kc6 Kc4 76. Kb6 Rd6+ 77. Kc7 Kc5 78. Kb7 Rc6 79. Ka7
Rc7+ 80. Ka6 Rh7 {White forfeits on time} 0-1

[Event "Team 45 45 League T65"]
[Site "Internet Chess Club"]
[Date "2015.06.14"]
[Round "2"]
[White "jon314159"]
[Black "beitmery"]
[Result "1-0"]
[WhiteElo "1552"]
[BlackElo "1679"]
[Opening "French: exchange variation"]
[ECO "C01"]
[Time "15:09:49"]
[TimeControl "2700+45"]

1. e4 e6 2. d4 d5 3. exd5 exd5 4. c4 Nf6 5. Nf3 Be7 6. Be2 O-O 7. O-O Bf5 8. Nc3
dxc4 9. Bxc4 Nbd7 10. Bg5 h6 11. Bh4 Nb6 12. Bb3 c6 13. Ne5 Re8 14. Nxf7 Qc7 15.
Bg3 Qc8 16. Nd6+ {Black resigns} 1-0

[Event "Team 45 45 League T65"]
[Site "Internet Chess Club"]
[Date "2015.06.14"]
[Round "2"]
[White "unclevinny"]
[Black "hondocando"]
[Result "0-1"]
[WhiteElo "1587"]
[BlackElo "1529"]
[Opening "Sicilian: Canal-Sokolsky attack, 3...Bd7"]
[ECO "B52"]
[Time "13:00:54"]
[TimeControl "2700+45"]

1. e4 c5 2. Nf3 d6 3. Bb5+ Bd7 4. Bxd7+ Qxd7 5. d4 cxd4 6. Nxd4 Nf6 7. Nc3 e5 8.
Nb3 Be7 9. O-O O-O 10. Be3 b6 11. Qe2 Nc6 12. Rfd1 Rad8 13. Bg5 Ne8 14. Bxe7
Nxe7 15. Rd2 Qe6 16. Rad1 Nc7 17. Nb5 Nxb5 18. Qxb5 f5 19. f3 fxe4 20. fxe4 Rf7
21. Qb4 Qh6 22. Rxd6 Qe3+ 23. Kh1 Rdf8 24. Qc4 Qxe4 25. Qd3 Qxd3 26. Rd5 Qf1+
{White resigns} 0-1

[Event "Team 45 45 League T65"]
[Site "Internet Chess Club"]
[Date "2015.06.11"]
[Round "2"]
[White "jjaillet2007"]
[Black "GideonL"]
[Result "1-0"]
[WhiteElo "1370"]
[BlackElo "1544"]
[Opening "QGD Slav: exchange variation, 6.Bf4 Bf5"]
[ECO "D14"]
[Time "20:00:12"]
[TimeControl "2700+45"]

1. d4 d5 2. c4 c6 3. Nc3 Nf6 4. cxd5 cxd5 5. Nf3 Nc6 6. Bf4 Bf5 7. e3 e6 8. Bb5
Ba3 9. bxa3 Qa5 10. Bxc6+ bxc6 11. Qd2 Qxa3 12. O-O O-O 13. Ne5 Qa6 14. Qe2 Qxe2
15. Nxe2 Rac8 16. Ng3 Bc2 17. Rac1 Ba4 18. Bg5 Ne4 19. Nxe4 dxe4 20. Nd7 Rfe8
21. Nc5 Bb5 22. Rfe1 f5 23. a4 Bd3 24. Nxd3 exd3 25. Red1 h6 26. Bf4 g5 27. Be5
Kf7 28. Rxd3 Red8 29. Rdc3 Rd7 30. Rxc6 Rcd8 31. Rc7 Ke7 32. Rxd7+ Rxd7 {Black
resigns} 1-0

[Event "Team 45 45 League T65"]
[Site "Internet Chess Club"]
[Date "2015.06.11"]
[Round "2"]
[White "shaunlewis"]
[Black "kingsrook"]
[Result "1-0"]
[WhiteElo "1154"]
[BlackElo "1258"]
[Opening "QGD: Tarrasch, Prague variation, 7...Be7"]
[ECO "D34"]
[Time "16:00:49"]
[TimeControl "2700+45"]

1. d4 d5 2. c4 e6 3. Nc3 c5 4. cxd5 exd5 5. Nf3 Nf6 6. g3 Nc6 7. Bg2 Be7 8. O-O
Bg4 9. dxc5 Bxc5 10. Bg5 Be7 11. Bxf6 Bxf6 12. Nxd5 O-O 13. Nxf6+ Qxf6 14. Qb3
Rab8 15. Rad1 Rfe8 16. Rfe1 Be6 17. Qa3 h6 18. b3 Bg4 19. h3 Bh5 20. g4 Bg6 21.
e3 Be4 22. Nd4 Nxd4 23. Bxe4 Nf3+ 24. Bxf3 Qxf3 25. Qxa7 Ra8 26. Qb6 Rxa2 27.
Rf1 Qxh3 28. Rd4 Kh7 29. Qxb7 Rxe3 30. Qg2 Rg3 31. Qxg3 Qxg3+ 32. fxg3 f6 33. b4
Rb2 34. Rf2 Rb1+ 35. Kg2 Rb3 36. Rf3 Rb2+ 37. Kh3 Kg6 38. Rf5 Rb1 39. b5 Rh1+
40. Kg2 Rb1 41. Rd6 Rb2+ 42. Kh3 Rb1 43. b6 Rh1+ 44. Kg2 Rb1 45. Rd7 Rxb6 46.
Kf3 Rb3+ 47. Ke4 Rxg3 48. Kf4 Rg1 49. Ra5 Rf1+ 50. Ke4 Re1+ 51. Kf3 Rf1+ 52. Ke2
Rg1 53. Kf3 Rf1+ 54. Kg2 Rf4 55. Kg3 Rc4 56. Raa7 Rc3+ 57. Kh4 f5 58. Rxg7+ Kf6
59. Rgf7+ Kg6 60. gxf5# {Black checkmated} 1-0

[Event "Team 45 45 League T65"]
[Site "Internet Chess Club"]
[Date "2015.06.11"]
[Round "2"]
[White "TINAyoufatlard"]
[Black "rubo"]
[Result "1-0"]
[WhiteElo "1828"]
[BlackElo "1673"]
[Opening "Budapest: Adler variation"]
[ECO "A52"]
[Time "20:00:12"]
[TimeControl "2700+45"]

1. d4 Nf6 2. c4 e5 3. dxe5 Ng4 4. Nf3 Nc6 5. Bf4 Bb4+ 6. Nbd2 Qe7 7. e3 Ngxe5 8.
Nxe5 Nxe5 9. a3 Bxd2+ 10. Qxd2 d6 11. Be2 O-O 12. O-O Be6 13. Qc3 f6 14. Rac1 c5
15. Rfd1 Rad8 16. Bg3 Qf7 17. Qc2 Kh8 18. f4 Ng4 19. f5 Bxf5 20. Qxf5 Nxe3 21.
Qd3 Nxd1 22. Rxd1 Rfe8 23. Bf3 Qe7 24. Bxd6 Qd7 25. b4 Re6 26. bxc5 b6 27. Bg4
Rxd6 28. Bxd7 Rxd3 29. Rxd3 bxc5 30. Rd5 g6 31. Bg4 Rb8 32. Rxc5 Rb7 33. Rb5 Rc7
34. Rb8+ Kg7 35. Rc8 Re7 36. c5 f5 37. Bf3 Kh6 38. c6 Kg5 39. Rd8 Kf6 40. Bd5
Ke5 41. Rd7 Rxd7 42. cxd7 {Black resigns} 1-0

[Event "Team 45 45 League T65"]
[Site "Internet Chess Club"]
[Date "2015.06.11"]
[Round "2"]
[White "nosir"]
[Black "skuhl99"]
[Result "1-0"]
[WhiteElo "1513"]
[BlackElo "1433"]
[Opening "Réti opening"]
[ECO "A05"]
[Time "19:00:41"]
[TimeControl "2700+45"]

1. Nf3 Nf6 2. g3 c5 3. Bg2 g6 4. d3 Bg7 5. e4 d6 6. Nbd2 O-O 7. O-O Nbd7 8. a4
Rb8 9. Nc4 a6 10. a5 b5 11. axb6 Nxb6 12. e5 Nxc4 13. exf6 Nxb2 14. Bxb2 Rxb2
15. fxg7 Kxg7 16. Rb1 Rxb1 17. Qxb1 Qc7 18. Qb2+ Kg8 19. Nd2 Bd7 20. Rb1 Bb5 21.
c4 Bc6 22. Bxc6 Qxc6 23. Qb7 Qxb7 24. Rxb7 Ra8 25. Rxe7 Kf8 26. Re1 a5 27. Ne4
Ra6 28. Nc3 a4 29. Ra1 a3 30. Nb5 a2 31. Nc3 Ra3 32. Nxa2 Rxd3 33. Rc1 Ke7 34.
Kf1 Ke6 35. Re1+ Kf6 36. Re3 Rd4 37. Rc3 Rd2 38. Nc1 Rd4 39. Ke1 Re4+ 40. Kd2
Ke5 41. Ne2 d5 42. cxd5 Kxd5 43. Rd3+ Kc4 44. Rd7 {Black resigns} 1-0